 Dungeon Crawl Stone Soup version 0.30-a0-777-ga9a30cbeda (webtiles) character file.

Game seed: 1021229645278011266

8542 croobank the Frost Mage (level 11, -1/83 HPs)
             Began as a Gnoll Ice Elementalist on Feb 14, 2023.
             Was an Initiate of Gozag.
             Slain by a polar bear (3 damage)
             ... on level 1 of the Lair of Beasts.
             The game lasted 01:03:28 (15281 turns).

croobank the Frost Mage (Gnoll Ice Elementalist)   Turns: 15281, Time: 01:03:29

Health: -1/83      AC: 19    Str:  7    XL:     11   Next: 32%
Magic:  10/10      EV:  4    Int: 22    God:    Gozag
Gold:   1157       SH:  0    Dex: 15    Spells: 1/26 levels left

rFire   . . .      SeeInvis .    U - +11 short sword of the Stork {antimagic, Contam Will+ Int+3 Dex+2}
rCold   + . .      Faith    .    N - +0 buckler
rNeg    . . .      Spirit   .    D - +2 chain mail {rC+}
rPois   .          Reflect  .    w - +0 helmet
rElec   .          Harm     .    Q - +1 cloak
rCorr   .          Rampage  .    h - +0 pair of gloves
Will    +....                    J - +0 pair of boots Stlth
                                 (no amulet)
HPRegen 0.33/turn                c - ring of wizardry
MPRegen 0.12/turn                T - ring of magical power

@: confused, ice-armoured, ambrosia-drunk, very slightly contaminated, hasted,
invisible, very quick
A: fangs 1, strong nose, distributed training
a: Renounce Religion, Potion Petition, Call Merchant, Bribe Branch


You were on level 1 of the Lair of Beasts.
You worshipped Gozag.
Gozag was most pleased with you.
You visited 3 branches of the dungeon, and saw 12 of its levels.
You also visited: Ice Cave.

You collected 1611 gold pieces.
You spent 246 gold pieces at shops.
You paid 208 gold pieces to Gozag.

Inventory:

Hand Weapons
 n - the +6 spear "Moupasch" {antimagic, rPois rC- Int+7}
   (You found it on level 7 of the Dungeon)

   Int:       It affects your intelligence (+7).
   rC:        It makes you vulnerable to cold.
   rPois:     It protects you from poison.
 s - a +0 long sword
 x - a +1 short sword of venom
 z - a +0 hand axe
 K - a +4 dagger
 L - a +1 dagger of venom
 O - a +0 rapier of speed
 R - a +2 scimitar of flaming
 U - the +11 short sword of the Stork (weapon) {antimagic, Contam Will+ Int+3 Dex+2}
   (You found it on level 8 of the Dungeon)

   Int:       It affects your intelligence (+3).
   Dex:       It affects your dexterity (+2).
   Contam:    It causes magical contamination when unequipped.
   Will:      It increases your willpower.
 V - a +2 trident of venom
Missiles
 d - 13 javelins
 e - 17 poisoned darts
 y - 2 boomerangs
Armour
 h - a +0 pair of gloves (worn)
 l - a +0 leather armour of fire resistance
 w - a +0 helmet (worn)
 C - the +0 chain mail of Incorporation {Contam rPois rC+ Will+}
   (You found it on level 8 of the Dungeon)

   rC:        It protects you from cold.
   rPois:     It protects you from poison.
   Contam:    It causes magical contamination when unequipped.
   Will:      It increases your willpower.
 D - a +2 chain mail of cold resistance (worn)
 J - a +0 pair of boots (worn)
 M - a +0 troll leather armour
 N - a +0 buckler (worn)
 Q - a +1 cloak (worn)
Magical Staves
 g - a staff of earth
Jewellery
 a - a ring of wizardry
 c - a ring of wizardry (left hand)
 k - a ring of see invisible
 T - a ring of magical power (right hand)
Wands
 b - a wand of polymorph (5)
 u - a wand of roots (4)
 v - a wand of mindburst (19)
 A - a wand of flame (25)
 F - a wand of paralysis (5)
Scrolls
 q - 2 scrolls of magic mapping
 B - 2 scrolls of immolation
 I - 4 scrolls of fog
 P - a scroll of identify
 S - a scroll of silence
Potions
 f - 3 potions of mutation
 i - 2 potions of attraction
 m - 7 potions of curing
 p - 3 potions of brilliance
 r - a potion of resistance
 t - a potion of cancellation
 E - 2 potions of haste
 G - 3 potions of flight


   Skills:
 + Level 6.4 Fighting
 + Level 6.4 Short Blades
 + Level 6.4 Long Blades
 + Level 6.4 Axes
 + Level 6.4 Maces & Flails
 + Level 6.4 Polearms
 + Level 6.4 Staves
 + Level 6.4 Ranged Weapons
 + Level 6.4 Throwing
 + Level 6.4 Armour
 + Level 8.0 Dodging
 + Level 7.7 Stealth
 + Level 6.4 Shields
 + Level 6.4 Unarmed Combat
 + Level 8.2 Spellcasting
 + Level 5.3 Conjurations
 + Level 5.3 Hexes
 + Level 5.3 Summonings
 + Level 5.3 Necromancy
 + Level 5.3 Translocations
 + Level 5.3 Transmutations
 + Level 5.3 Fire Magic
 + Level 9.0 Ice Magic
 + Level 5.3 Air Magic
 + Level 5.3 Earth Magic
 + Level 5.3 Poison Magic
 + Level 7.0 Invocations
 + Level 6.4 Evocations


You had one spell level left.
You knew the following spells:

 Your Spells              Type           Power      Damage    Failure   Level
a - Freeze                Ice            100%       1d10      13%         1
b - Frozen Ramparts       Ice            96%        1d15      36%         3
c - Ozocubu's Armour      Ice            48%        N/A       36%         3
d - Stone Arrow           Conj/Erth      64%        3d11      86%         3
e - Summon Ice Beast      Ice/Summ       40%        N/A       94%         4
f - Hailstorm             Conj/Ice       40%        3d10      61%         3
g - Mephitic Cloud        Conj/Pois/Air  32%        N/A       86%         3
h - Poisonous Vapours     Pois/Air       64%        N/A       65%         2
i - Inner Flame           Hex/Fire       32%        N/A       86%         3

Your spell library contained the following spells:

 Spells                   Type           Power      Damage    Failure   Level
 Sandblast                Erth           64%        2d14      50%         1
 Cigotuvi's Dreadful Rot  Necr/Pois/Air  64%        N/A       65%         2
 Passwall                 Tmut/Erth      26%        N/A       65%         2
 Cause Fear               Hex            16%        N/A       99%         4
 Discord                  Hex            16%        N/A       100%        8


Dungeon Overview and Level Annotations

Branches:
Dungeon (10/15)            Temple (1/1) D:4            Lair (1/5) D:9
  IceCv (visited)
    Orc: D:9-12

Altars:
Ashenzari
Dithmenos
Fedhas
Gozag
Nemelex Xobeh
Qazlal
Ru
Uskayaw
Wu Jian
Zin
The Shining One

Shops:
D:1 =   D:4 [*?

Annotations:
D:6 3 runed translucent doors, sirJeffrey23's ghost, novice DsHu


Innate Abilities, Weirdness & Mutations

You have very sharp teeth.
Your uncanny sense of smell can sniff out nearby items.
Your experience applies equally to all skills.


Message History

The polar bear claws you but does no damage. x2
Saving game... please wait.
Welcome back, croobank the Gnoll Ice Elementalist.
Gozag says: Greed is good.
Press ? for a list of commands and other information.
Okay, then.
You are too confused!
Your icy armour will break if you move.
Continue?
Okay, then.
Your icy armour will break if you move.
Continue?
You closely miss the komodo dragon.
You bite the komodo dragon, but do no damage.
The komodo dragon is moderately wounded.
The komodo dragon is distracted by your dazzling golden aura.
Your icy armour will break if you move.
Continue?
You bump into the rock wall.
The yak gores you. The polar bear bites you.
* * * LOW HITPOINT WARNING * * *
The polar bear claws you but does no damage. x2
Your icy armour will break if you move.
Continue? [Y]es or [N]o only, please.
Your icy armour will break if you move.
Continue?
You completely miss the komodo dragon.
The komodo dragon is no longer distracted by gold.
Your bite misses the komodo dragon.
The komodo dragon is moderately wounded.
The komodo dragon bites you but does no damage.
You are too confused!
Unknown command.
You fade into invisibility!
The yak completely misses you. The polar bear bites you.
* * * LOW HITPOINT WARNING * * *
The polar bear claws you but does no damage. x2
Your icy armour will break if you move.
Continue?
You bump into the rock wall.
The komodo dragon bites you!
* * * LOW HITPOINT WARNING * * *
The polar bear bites you!
* * * LOW HITPOINT WARNING * * *
The polar bear claws you.
You die...
Your body crumbles into a pile of gold.

* *,,,,#...........,,,,,,**
***,,,,#..........,,,,,,,,*
,,+,,,,#.........##***,,,**
,,+,,,,#.......≈..##***,,**
,*****+#.....≈#....,,,,,,,*
,**,,,,*,...≈#≈..#,,..,,,**
,**,,,,***#.#≈..Y#≈..**,,*
,**,,,,####≈..$Yl#≈.###..#
*******#.......h@#≈.Y..Y.#
* *,,,*#.....#####≈......#
*,,,*#.###..≈≈≈≈≈#**#..#
*,,,*#** ##.....## #..#
*,,,* ****###..P### #..# *
*+*****,.##.#..##.###..#
***,,,,*,.............Y<.#
,**+**,*,..............).#*
,**,,*,*,...########.##...#


You could see a polar bear (unable to see you), a komodo dragon (unable to see
you) and 2 yaks.

Vanquished Creatures
  Erica (D:8)
  A two-headed ogre (D:9)
  Maurice (D:8)
  Maggie (D:7)
  2 rime drakes (Lair:1)
  A hornet (D:8)
  12 yaks
  2 wyverns
  Grum (D:8)
  A steam dragon (D:9)
  Menkaure (D:7)
  3 water moccasins
  A sky beast (D:8)
  2 ice beasts
  An orc warrior (D:6)
  2 ogres
  2 centaurs
  4 wolves (D:8)
  A phantom (D:6)
  2 bullfrogs (D:8)
  2 gnoll sergeants (D:8)
  2 scorpions
  5 killer bees (D:9)
  2 howler monkeys
  3 orc priests
  4 hounds
  Natasha (thrice) (D:2)
  6 iguanas
  9 orc wizards
  13 gnolls
  9 adders
  2 white imps
  2 ufetubi
  5 worms
  A dart slug (D:4)
  29 orcs
  10 endoplasms
  2 giant cockroaches (D:1)
  8 goblins
  7 hobgoblins
  4 jackals (D:3)
  5 kobolds
  A quokka (D:2)
  4 ball pythons
  5 bats
  4 frilled lizards
  9 rats
198 creatures vanquished.

Vanquished Creatures (collateral kills)
  A yak (D:9)
  A steam dragon (D:7)
  A basilisk (D:8)
  A gnoll sergeant (D:8)
  3 orc priests (D:8)
  An orc wizard (D:8)
  A gnoll (D:8)
  An orc (D:8)
10 creatures vanquished.

Vanquished Creatures (others)
  A plant (Lair:1)
1 creature vanquished.

Grand Total: 209 creatures vanquished

Notes
Turn   | Place    | Note
-------+----------+-------------------------------------------
     0 | D:1      | croobank the Gnoll Ice Elementalist began the quest for the
                  | Orb.
     0 | D:1      | Reached XP level 1. HP: 13/13 MP: 6/6
    48 | D:1      | Reached XP level 2. HP: 13/20 MP: 3/7
   234 | D:1      | Found Vir Qerivia's Jewellery Boutique.
   376 | D:1      | Reached skill level 5 in Spellcasting
   376 | D:1      | Reached XP level 3. HP: 25/25 MP: 6/9
   408 | D:1      | Learned a level 3 spell: Frozen Ramparts
   412 | D:1      | Learned a level 3 spell: Stone Arrow
  1246 | D:2      | Reached skill level 1 in Invocations
  1252 | D:2      | Reached skill level 1 in Fighting
  1252 | D:2      | Reached skill level 1 in Short Blades
  1252 | D:2      | Reached skill level 1 in Long Blades
  1252 | D:2      | Reached skill level 1 in Axes
  1252 | D:2      | Reached skill level 1 in Maces & Flails
  1252 | D:2      | Reached skill level 1 in Polearms
  1252 | D:2      | Reached skill level 1 in Staves
  1252 | D:2      | Reached skill level 1 in Ranged Weapons
  1252 | D:2      | Reached skill level 1 in Throwing
  1252 | D:2      | Reached skill level 1 in Armour
  1252 | D:2      | Reached skill level 1 in Shields
  1252 | D:2      | Reached skill level 1 in Unarmed Combat
  1252 | D:2      | Reached skill level 1 in Evocations
  1383 | D:2      | Reached XP level 4. HP: 32/32 MP: 6/11
  1387 | D:2      | Learned a level 3 spell: Ozocubu's Armour
  2095 | D:2      | Noticed Natasha
  2123 | D:2      | Killed Natasha
  2124 | D:2      | Reached skill level 1 in Conjurations
  2124 | D:2      | Reached skill level 1 in Hexes
  2124 | D:2      | Reached skill level 1 in Summonings
  2124 | D:2      | Reached skill level 1 in Necromancy
  2124 | D:2      | Reached skill level 1 in Translocations
  2124 | D:2      | Reached skill level 1 in Transmutations
  2124 | D:2      | Reached skill level 1 in Fire Magic
  2124 | D:2      | Reached skill level 1 in Air Magic
  2124 | D:2      | Reached skill level 1 in Earth Magic
  2124 | D:2      | Reached skill level 1 in Poison Magic
  2434 | D:2      | Reached XP level 5. HP: 37/37 MP: 8/12
  2465 | D:2      | Learned a level 4 spell: Summon Ice Beast
  2489 | D:2      | Noticed Natasha
  2493 | D:2      | Killed Natasha
  2571 | D:2      | Noticed Natasha
  2583 | D:2      | Killed Natasha
  4415 | D:4      | Found a staircase to the Ecumenical Temple.
  4441 | Temple   | Entered the Ecumenical Temple
  4512 | Temple   | Became a worshipper of Gozag Ym Sagoz the Greedy
  4530 | D:4      | Reached XP level 6. HP: 44/44 MP: 4/14
  4782 | D:4      | Found a blossoming altar of Fedhas.
  4867 | D:4      | Reached skill level 5 in Dodging
  5131 | D:4      | Found Ero Vaq's Assorted Antiques.
  5135 | D:4      | Bought a pink potion for 27 gold pieces
  5136 | D:4      | Bought a bubbling puce potion for 27 gold pieces
  5171 | D:4      | Found Hito's Magic Scroll Shoppe.
  5193 | D:4      | Bought a scroll of identify for 28 gold pieces
  5193 | D:4      | Bought a scroll of identify for 28 gold pieces
  5193 | D:4      | Bought a scroll of identify for 28 gold pieces
  5342 | D:4      | Identified the +0 chain mail of Deneits {Will+ Int+4}
  5844 | D:4      | Found Hixeug's Armour Shoppe.
  6030 | D:4      | Reached XP level 7. HP: 50/50 MP: 4/15
  6206 | D:4      | Found a glowing silver altar of Zin.
  6519 | D:4      | Bought a glowing brown potion for 27 gold pieces
  6519 | D:4      | Bought a glowing grey potion for 27 gold pieces
  6519 | D:4      | Bought a yellow potion for 27 gold pieces
  6519 | D:4      | Bought a fuming puce potion for 27 gold pieces
  6565 | D:5      | Entered Level 5 of the Dungeon
  6565 | D:5      | Found a stormy altar of Qazlal.
  6809 | D:5      | Reached skill level 5 in Stealth
  7528 | D:5      | Found an ornate altar of the Wu Jian Council.
  8056 | D:6      | Reached XP level 8. HP: 58/58 MP: 1/16
  8262 | D:6      | Found a runed translucent gate.
  8263 | D:6      | Found a runed translucent gate.
  8263 | D:6      | Noticed sirJeffrey23's ghost (novice DsHu)
  8265 | D:6      | Found a runed translucent gate.
  8265 | D:6      | Noticed a kobold demonologist
  8756 | D:6      | Learned a level 3 spell: Hailstorm
  9004 | D:6      | Found a glowing golden altar of the Shining One.
  9065 | D:6      | Found a shadowy altar of Dithmenos.
  9475 | D:7      | Noticed Menkaure
  9482 | D:7      | Killed Menkaure
  9800 | D:7      | Identified the +6 spear "Moupasch" {antimagic, rPois rC-
                  | Int+7}
  9945 | D:7      | Reached XP level 9. HP: 65/65 MP: 6/18
 10033 | D:7      | Noticed Maggie
 10138 | D:7      | Killed Maggie
 10139 | D:7      | Reached skill level 8 in Ice Magic
 11166 | D:8      | Noticed Erica
 11174 | D:8      | Killed Erica
 11175 | D:8      | Reached skill level 5 in Invocations
 11185 | D:8      | Noticed Maurice
 11195 | D:8      | Paralysed by something for 5 turns
 11198 | D:8      | Noticed Grum
 11411 | D:8      | Identified the +0 chain mail of Incorporation {Contam rPois
                  | rC+ Will+}
 11442 | D:8      | Reached skill level 5 in Fighting
 11442 | D:8      | Reached skill level 5 in Short Blades
 11442 | D:8      | Reached skill level 5 in Long Blades
 11442 | D:8      | Reached skill level 5 in Axes
 11442 | D:8      | Reached skill level 5 in Maces & Flails
 11442 | D:8      | Reached skill level 5 in Polearms
 11442 | D:8      | Reached skill level 5 in Staves
 11442 | D:8      | Reached skill level 5 in Ranged Weapons
 11442 | D:8      | Reached skill level 5 in Throwing
 11442 | D:8      | Reached skill level 5 in Armour
 11442 | D:8      | Reached skill level 5 in Shields
 11442 | D:8      | Reached skill level 5 in Unarmed Combat
 11442 | D:8      | Reached skill level 5 in Evocations
 11442 | D:8      | Reached XP level 10. HP: 74/74 MP: 3/20
 11696 | D:8      | Killed Maurice
 11799 | D:8      | Killed Grum
 11945 | D:8      | Found a sparkling altar of Nemelex Xobeh.
 13258 | D:8      | Identified the +11 short sword of the Stork {antimagic,
                  | Contam Will+ Int+3 Dex+2}
 14148 | D:10     | Entered Level 10 of the Dungeon
 14260 | D:9      | Noticed a death yak
 14432 | D:9      | Noticed a two-headed ogre
 14444 | D:9      | Reached skill level 5 in Conjurations
 14444 | D:9      | Reached skill level 5 in Hexes
 14444 | D:9      | Reached skill level 5 in Summonings
 14444 | D:9      | Reached skill level 5 in Necromancy
 14444 | D:9      | Reached skill level 5 in Translocations
 14444 | D:9      | Reached skill level 5 in Transmutations
 14444 | D:9      | Reached skill level 5 in Fire Magic
 14444 | D:9      | Reached skill level 5 in Air Magic
 14444 | D:9      | Reached skill level 5 in Earth Magic
 14444 | D:9      | Reached skill level 5 in Poison Magic
 14444 | D:9      | Killed a two-headed ogre
 14445 | D:9      | Reached XP level 11. HP: 43/81 MP: 15/23
 14592 | D:9      | Noticed a death yak
 14684 | D:9      | Noticed a death yak
 14687 | D:9      | Learned a level 3 spell: Mephitic Cloud
 14879 | D:10     | Learned a level 2 spell: Poisonous Vapours
 14883 | D:10     | Learned a level 3 spell: Inner Flame
 15169 | D:9      | Found a staircase to the Lair.
 15203 | Lair:1   | Entered Level 1 of the Lair of Beasts
 15225 | Lair:1   | Found a frozen archway.
 15242 | Lair:1   | Reached skill level 9 in Ice Magic
 15252 | IceCv    | Entered an ice cave
 15281 | Lair:1   | HP: 2/83 [polar bear (7)]
 15281 | Lair:1   | Slain by a polar bear

Illustrated notes

Levels and vault maps discovered:
D:1:      psy_arrival_conway, layout_basic, serial_shops, shop
D:2:      layout_loops_ring, skrybe_limestone_x, uniq_natasha
D:3:      layout_basic
D:4:      layout_basic, zin_statuary, mainiacjoe_overflow_concentric_impassable,
          minmay_temple_entry_grid, serial_shops, nicolae_shop_trees,
          nicolae_square_shop, kennysheep_windowed_goal
D:5:      layout_basic, mainiacjoe_overflow_brackets,
          nicolae_wu_jian_immortal_techniques
D:6:      layout_loops_corners, nicolae_overflow_hidden_temple,
          mainiacjoe_overflow_alcove_1, gammafunk_ghost_nasty_kobolds
D:7:      layout_basic, kennysheep_generic_room_10, uniq_menkaure, uniq_maggie
D:8:      layout_layer_cave, mainiacjoe_overflow_six_doors_small,
          kennysheep_generic_room_14, uniq_maurice, uniq_erica, uniq_grum
D:9:      layout_big_octagon, dpeg_lair_monsters, disabler_island
D:10:     layout_basic, kennysheep_little_box, orc_david_3
Temple:   nicolae_temple_superstar
Lair:1:   wad_woods_structure_01, layout_long_grid, portal_ice_cave_rime

Skill      XL: |  1  2  3  4  5  6  7  8  9 10 11 |
---------------+----------------------------------+-----
Spellcasting   | 5 6 7 8 |  8.2
Invocations    | 1 2 3 4 5 6 7 |  7.0
Fighting       | 1 2 3 5 6 |  6.4
Short Blades   | 1 2 3 5 6 |  6.4
Long Blades    | 1 2 3 5 6 |  6.4
Axes           | 1 2 3 5 6 |  6.4
Maces & Flails | 1 2 3 5 6 |  6.4
Polearms       | 1 2 3 5 6 |  6.4
Staves         | 1 2 3 5 6 |  6.4
Ranged Weapons | 1 2 3 5 6 |  6.4
Throwing       | 1 2 3 5 6 |  6.4
Armour         | 1 2 3 5 6 |  6.4
Shields        | 1 2 3 5 6 |  6.4
Unarmed Combat | 1 2 3 5 6 |  6.4
Evocations     | 1 2 3 5 6 |  6.4
Conjurations   | 1 2 3 4 5 |  5.3
Hexes          | 1 2 3 4 5 |  5.3
Summonings     | 1 2 3 4 5 |  5.3
Necromancy     | 1 2 3 4 5 |  5.3
Translocations | 1 2 3 4 5 |  5.3
Transmutations | 1 2 3 4 5 |  5.3
Fire Magic     | 1 2 3 4 5 |  5.3
Air Magic      | 1 2 3 4 5 |  5.3
Earth Magic    | 1 2 3 4 5 |  5.3
Poison Magic   | 1 2 3 4 5 |  5.3
Dodging        | 5 6 7 8 |  8.0
Stealth        | 5 6 7 |  7.7
Ice Magic      | 8 9 |  9.0

Action                     |  1- 3 |  4- 6 |  7- 9 | 10-12 || total
---------------------------+-------+-------+-------+-------++-------
  Melee: Staff             |    12 |    50 |    88 |   122 ||   272
         Bite              |     2 |     7 |    15 |    26 ||    50
         Unarmed           |       |    18 |       |       ||    18
         Punch             |       |     3 |     3 |     1 ||     7
         Spear             |       |       |    35 |       ||    35
         Dagger            |       |       |     4 |       ||     4
         Short sword       |       |       |       |    28 ||    28
   Cast: Freeze            |    21 |    17 |    10 |    11 ||    59
         Stone Arrow       |     6 |    20 |    30 |     8 ||    64
         Frozen Ramparts   |     5 |    39 |    29 |    21 ||    94
         Ozocubu's Armour  |       |    29 |    26 |    21 ||    76
         Hailstorm         |       |       |    12 |    28 ||    40
         Summon Ice Beast  |       |       |     4 |     8 ||    12
         Inner Flame       |       |       |       |     7 ||     7
         Mephitic Cloud    |       |       |       |     4 ||     4
 Invoke: Potion Petition   |       |       |       |     1 ||     1
  Evoke: Wand              |       |       |     2 |     1 ||     3
    Use: Potion            |       |     1 |     4 |     7 ||    12
         Scroll            |       |     7 |    18 |     2 ||    27
   Stab: Sleeping          |       |     1 |       |       ||     1
         Distracted        |       |       |     1 |     2 ||     3
         Confused          |       |       |       |     1 ||     1
 Armour: Robe              |     2 |    14 |       |       ||    16
         Skin              |       |     4 |       |       ||     4
         Leather armour    |       |    11 |    55 |       ||    66
         Troll leather arm |       |       |    19 |    67 ||    86
         Chain mail        |       |       |       |    30 ||    30
  Dodge: Dodged            |    20 |    53 |   100 |   136 ||   309
  Block: Buckler           |       |       |       |    38 ||    38

Table legend: (Time is in decaauts)
 A = Elapsed time spent in this place.
 B = Non-inter-level travel time spent in this place.
 C = Inter-level travel time spent in this place.
 D = Time resting spent in this place.
 E = Time spent auto-exploring this place.
 F = Levels seen in this place.
 G = Mean time per level.
                   A        B        C        D        E       F      G
               +--------+--------+--------+--------+--------+-----+--------+
         Total |  15262 |  14843 |    419 |   5540 |   6814 |  13 | 1174.0 |
       Dungeon |  15118 |  14706 |    412 |   5473 |   6814 |  10 | 1511.8 |
        Temple |     78 |     71 |      7 |     64 |      0 |   1 |   78.0 |
          Lair |     51 |     51 |      0 |      3 |      0 |   1 |   51.0 |
      Ice Cave |     14 |     14 |      0 |      0 |      0 |   1 |   14.0 |
               +--------+--------+--------+--------+--------+-----+--------+

Top non-repeatable levels by time:
     D:8: 2852 daAuts
     D:4: 2084 daAuts
     D:6: 1799 daAuts
     D:7: 1737 daAuts
     D:2: 1628 daAuts
     D:3: 1625 daAuts
     D:5: 1339 daAuts
     D:1: 1163 daAuts
     D:9: 699 daAuts
    D:10: 188 daAuts
  Temple: 78 daAuts
  Lair:1: 51 daAuts
   IceCv: 14 daAuts
